 Dungeon Crawl Stone Soup version 0.25.0-26-g0c896c7088 (webtiles) character file.

Game seed: 3054047242173283601

50 Exodus22XD the Shooter (level 3, 0/29 HPs)
             Began as a Centaur Hunter on July 4, 2020.
             Slain by a jackal (3 damage)
             ... on level 2 of the Dungeon.
             The game lasted 00:01:56 (1869 turns).

Exodus22XD the Shooter (Centaur Hunter)             Turns: 1869, Time: 00:01:56

Health: 0/29       AC:  4    Str: 15    XL:     3   Next: 55%
Magic:  3/3        EV:  9    Int: 10    God:
Gold:   85         SH:  0    Dex:  9    Spells: 2/2 levels left

rFire    + . .     SeeInvis .   a - +1 shortbow
rCold    + . .     Gourm    .   (shield currently unavailable)
rNeg     . . .     Faith    .   c - +0 leather armour
rPois    +         Spirit   .   (no helmet)
rElec    +         Reflect  .   (no cloak)
rCorr    +         Harm     .   (no gloves)
MR       .....                  (no barding)
Stlth    +.........             (no amulet)
HPRegen  0.09/turn              (no ring)
MPRegen  0.08/turn              (no ring)

@: lethally poisoned (0 -> -5), resistant, very quick
A: large, hooves 3, deformed body, speed 2, tough skin 3
a: no special abilities


You were on level 2 of the Dungeon.
You were not hungry.

You visited 1 branch of the dungeon, and saw 2 of its levels.

You collected 85 gold pieces.

Inventory:

Hand Weapons
 a - a +1 shortbow (weapon)
 b - a +0 short sword
Missiles
 d - 81 arrows (quivered)
Armour
 c - a +0 leather armour (worn)
Scrolls
 e - 2 scrolls of teleportation {unknown}
 i - 2 scrolls of identify {unknown}
 j - a scroll of enchant armour {unknown}
 k - a scroll of fear {unknown}
 n - 2 scrolls of immolation {unknown}
Potions
 l - a potion of flight {unknown}
 m - a potion of mutation {unknown}
Comestibles
 f - 2 rations


   Skills:
 + Level 2.1 Fighting
 * Level 6.6 Bows
 * Level 0.9 Armour
 + Level 1.4 Dodging
 - Level 0.4 Stealth


You had 2 spell levels left.
You didn't know any spells.
Your spell library was empty.

Dungeon Overview and Level Annotations

Branches:
Dungeon (2/15)

Altars:


Innate Abilities, Weirdness & Mutations

You have hooves in place of feet.
Armour fits poorly on your strangely shaped body.
You cover ground very quickly.
You have extremely tough skin. (AC +3)


Message History

Okay, then.
Firing (i - inventory)
d - 83 arrows (quivered)
Press: ? - help, Shift-Dir - straight line, f/p - gnoll
Aim: a gnoll, wielding a +0 spear (severely wounded)
You shoot an arrow. The arrow hits the jackal!
You kill the jackal!
The jackal bites you but does no damage.
Firing (i - inventory)
d - 82 arrows (quivered)
Press: ? - help, Shift-Dir - straight line, f - jackal, p - gnoll
Aim: a jackal (almost dead)
You shoot an arrow. The arrow barely misses the jackal.
The adder bites you.
* * * LOW HITPOINT WARNING * * *
You are lethally poisoned!
The adder poisons you! The jackal bites you.
* * * LOW HITPOINT WARNING * * *
It was a potion of resistance.
You feel protected.
* * * LOW HITPOINT WARNING * * *
You feel sick. The adder bites you but does no damage. The jackal bites you.
You die...

..........+ #####
.........#
#...###........#
#...............
#...............
#...............
#.......รท.......
###...............
#@h.....(.........
####S#...............
#...h#.....#....###.. .
#...(#...#.####)#####
..##..gg#####.###.......
#......g###..<..........
#.......##....##........
#......g##..#...........
........##..###...).....


You could see 4 gnolls, an adder and 2 jackals.

Vanquished Creatures
  An adder (D:2)
  A worm (D:2)
  A dart slug (D:1)
  8 bats
  8 hobgoblins
  2 jackals (D:2)
  A frilled lizard (D:1)
  4 goblins
  3 kobolds (D:1)
  7 rats
36 creatures vanquished.

Notes
Turn   | Place    | Note
-------+----------+-------------------------------------------
     0 | D:1      | Exodus22XD the Centaur Hunter began the quest for the Orb.
     0 | D:1      | Reached XP level 1. HP: 17/17 MP: 1/1
   241 | D:1      | Reached XP level 2. HP: 2/24 MP: 2/2
   641 | D:1      | Reached skill level 6 in Bows
  1300 | D:1      | Reached XP level 3. HP: 24/29 MP: 3/3
  1869 | D:2      | Slain by a jackal

Illustrated notes

Levels and vault maps discovered:
D:1:      minmay_arrival_arboretum_small, layout_loops_ring,
          minmay_misc_feat_iff, minmay_tetromino_o4
D:2:      layout_basic, overflow_temple_1_default

Skill      XL: |  1  2 |
---------------+-------+-----
Bows           | 6 |  6.6
Fighting       | |  2.1
Armour         | |  0.9
Dodging        | |  1.4
Stealth        | |  0.4

Action                   || total
-------------------------++-------
Melee: Short sword       ||    91
       Kick              ||    18
 Fire: Shortbow          ||     8
  Use: Potion            ||     1
  Eat: Chunk             ||     2
Armor: Leather armour    ||    32
Dodge: Dodged            ||    61
